 Dungeon Crawl Stone Soup version 0.31.0-11-ge490571c62 (webtiles) character file.

Game seed: 9784891000230327139

16 Flugkiller the Chiller (level 2, -2/13 HPs)
             Began as a Vine Stalker Ice Elementalist on Feb 3, 2024.
             Slain by a hound (5 damage)
             ... on level 5 of the Dungeon.
             The game lasted 00:00:41 (144 turns).

Flugkiller the Chiller (VSIE)                        Turns: 144, Time: 00:00:42

Health: -2/13      AC:  2    Str: 10    XL:     2   Next: 58%
Magic:  0/6        EV: 12    Int: 15    God:
Gold:   31         SH:  0    Dex: 14    Spells: 5/6 levels left

rFire   . . .        d - +0 short sword (speed)
rCold   . . .        (no shield)
rNeg    . . .        a - +0 robe
rPois   .            (no helmet)
rElec   .            (no cloak)
rCorr   .            (no gloves)
SInv    .            (no boots)
Will    .....        (no amulet)
Stlth   ++           (no ring)
HPRegen 1.02/turn    (no ring)
MPRegen 0.10/turn

%: guardian spirit
@: no status effects
A: fangs 2, regeneration 1, magic shield, antimagic bite, no potion heal 2
a: no special abilities


You were on level 5 of the Dungeon.
You visited 1 branch of the dungeon, and saw 4 of its levels.

You collected 31 gold pieces.

Inventory:

Hand Weapons
 c - a +0 dagger
   (You took it off a kobold on level 1 of the Dungeon)
 d - a +0 short sword of speed (weapon)
   (You found it on level 1 of the Dungeon)
Armour
 a - a +0 robe (worn)
Scrolls
 e - 2 scrolls of identify {unknown}
 f - a scroll of blinking {unknown}
 g - a scroll of amnesia {unknown}


   Skills:
 - Level 1.5 Dodging
 - Level 2.4 Stealth
 + Level 2.7 Spellcasting
 + Level 4.3 Ice Magic


You had 5 spell levels left.
You knew the following spells:

 Your Spells              Type           Power      Damage    Failure   Level
a - Freeze                Ice            60%        1d7       3%          1

Your spell library contained the following spells:

 Spells                   Type           Power      Damage    Failure   Level
 Frozen Ramparts          Ice            30%        1d5       11%         3
 Ozocubu's Armour         Ice            15%        N/A       11%         3
 Summon Ice Beast         Ice/Summ       8%         N/A       26%         3


Dungeon Overview and Level Annotations

Branches:
Dungeon (2/15) Zot: 23859

Altars:


Innate Abilities, Weirdness & Mutations

You have extremely sharp teeth.
Your natural rate of healing is unusually fast.
When hurt, damage is shared between your health and your magic reserves.
Your bite disrupts and absorbs the magic of your enemies.
Potions cannot restore your health.


Message History

e - 2 scrolls labelled AFFIFU HISAUL (gained 1)
Casting: Freeze (safe; 3% risk of failure)
Confirm with . or Enter, or press ? or * to list all spells.
Aiming: Freeze (safe; 3% risk of failure)
Press: ? - help, Shift-Dir - straight line, f - adder
Aim: an adder (asleep)
You freeze the adder!
The adder hisses angrily.
The adder is heavily wounded.
The adder bites you.
Casting: Freeze (safe; 3% risk of failure)
Confirm with . or Enter, or press ? or * to list all spells.
Aiming: Freeze (safe; 3% risk of failure)
Press: ? - help, Shift-Dir - straight line, f/p - adder
Aim: an adder (heavily wounded)
You freeze the adder.
The adder is severely wounded.
The adder seems to slow down.
The hound barely misses you. The adder bites you. The hound barely misses you.
Casting: Freeze (safe; 3% risk of failure)
Confirm with . or Enter, or press ? or * to list all spells.
Aiming: Freeze (safe; 3% risk of failure)
Press: ? - help, Shift-Dir - straight line, f/p - adder
Aim: an adder (severely wounded, slow)
You freeze the adder.
The adder is almost dead.
The adder seems to slow down.
The adder bites you.
You are poisoned.
The adder poisons you! The hound barely misses you.
Casting: Freeze (safe; 3% risk of failure)
Confirm with . or Enter, or press ? or * to list all spells.
You don't have enough magic to cast this spell.
You miss the hound.
You feel sick. The hound bites you but does no damage. The adder bites you.
Casting: Freeze (safe; 3% risk of failure)
Confirm with . or Enter, or press ? or * to list all spells.
You don't have enough magic to cast this spell.
You miss the hound.
You feel sick. The hound closely misses you. The adder barely misses you.
You hit the hound but do no damage. The hound closely misses you.
Unknown command.
You closely miss the adder. Your bite misses the adder.
The adder is almost dead.
You feel sick. The hound bites you. The adder bites you but does no damage.
Unknown command.
You miss the adder.
The adder is almost dead.
You feel sick.
The adder is no longer moving slowly.
The hound misses you.
Unknown command.
You hit the adder.
You kill the adder!
The hound bites you.
* * * LOW HITPOINT WARNING * * *
Unknown command.
Magic courses through your body.
You feel sick. The hound bites you but does no damage. The hound bites you.
* * * LOW HITPOINT WARNING * * *
Unknown command.
It was a potion of cancellation.
You feel magically purged.
* * * LOW HITPOINT WARNING * * *
You feel sick. The hound misses you.
Unknown command.
Casting: Freeze (safe; 3% risk of failure)
Confirm with . or Enter, or press ? or * to list all spells.
Aiming: Freeze (safe; 3% risk of failure)
Press: ? - help, Shift-Dir - straight line, f - hound
Aim: a hound You freeze the hound!
The hound is heavily wounded.
* * * LOW HITPOINT WARNING * * *
You feel sick.
You are no longer poisoned.
The hound misses you. The hound closely misses you.
Casting: Freeze (safe; 3% risk of failure)
Confirm with . or Enter, or press ? or * to list all spells.
Aiming: Freeze (safe; 3% risk of failure)
Press: ? - help, Shift-Dir - straight line, f/p - hound
Aim: a hound (heavily wounded)
You freeze the hound.
The hound is heavily wounded.
The hound bites you.
* * * LOW HITPOINT WARNING * * *
Casting: Freeze (safe; 3% risk of failure)
Confirm with . or Enter, or press ? or * to list all spells.
Aiming: Freeze (safe; 3% risk of failure)
Press: ? - help, Shift-Dir - straight line, f/p - hound
Aim: a hound (heavily wounded)
You freeze the hound.
The hound is severely wounded.
The hound pauses to sniff the ground.
The hound closely misses you. The hound misses you.
Casting: Freeze (safe; 3% risk of failure)
Confirm with . or Enter, or press ? or * to list all spells.
Aiming: Freeze (safe; 3% risk of failure)
Press: ? - help, Shift-Dir - straight line, f/p - hound
Aim: a hound (severely wounded)
You freeze the hound.
The hound is almost dead.
The hound bites you.
You die...

#.##...###.##.. .#
#.####......... ...
##.####......... #.#
##..........)....
#..###.<.###..........
#...#...##..#.####...
#....##..#..# ##..
##h.........# ###
#.@........## ####
#.......... ......
#.........< ######
....#.###### .......#
#.##..... #. #.##..# #
#. #.#


You could see a hound.

Vanquished Creatures
  An adder (D:5)
  A bat (D:1)
  2 goblins (D:1)
  A hobgoblin (D:1)
  A kobold (D:1)
  A rat (D:1)
7 creatures vanquished.

Notes
Turn   | Place    | Note
-------+----------+-------------------------------------------
     0 | D:1      | Flugkiller the Vine Stalker Ice Elementalist began the
                  | quest for the Orb.
     0 | D:1      | Reached XP level 1. HP: 9/9 MP: 4/4
    61 | D:1      | Reached XP level 2. HP: 13/13 MP: 3/6
    79 | D:2      | You fall into a shaft and drop 1 floor!
    99 | D:3      | You fall into a shaft and drop 2 floors!
    99 | D:5      | Entered Level 5 of the Dungeon
   144 | D:5      | Slain by a hound

Illustrated notes

Levels and vault maps discovered:
D:1:      doesnt_arrival_eight_statues, layout_basic
D:2:      layout_loops_cross, reono_crystal_passage
D:3:      layout_loops_cross, nicolae_elevator_lobby_plus
D:5:      layout_rooms, mainiacjoe_overflow_six_doors_small,
          nicolae_dithmenos_shadow_blocks, minmay_temple_entry_mini_moons

Action                     || total
---------------------------++-------
  Melee: Dagger            ||     3
         Bite              ||     2
         Short sword       ||     7
   Cast: Freeze            ||    13
    Use: Potion            ||     2
 Armour: Robe              ||    19
  Dodge: Dodged            ||    17
